 Dungeon Crawl Stone Soup version 0.23-a0-655-g3751e1c (console) character file.

9 Duffy the Firebug (level 2, 15/19 HPs)
             Began as a Demonspawn Fire Elementalist on Jan 7, 2019.
             Quit the game on level 1 of the Dungeon.
             The game lasted 00:00:16 (276 turns).

Duffy the Firebug (Demonspawn Fire Elementalist)     Turns: 276, Time: 00:00:17

Health: 15/19      AC:  2    Str:  8    XL:     2   Next: 3%
Magic:  2/5        EV: 12    Int: 16    God:
Gold:   17         SH:  0    Dex: 13    Spells: 4/5 levels left

rFire    . . .     SeeInvis .   (no weapon)
rCold    . . .     Gourm    .   (no shield)
rNeg     . . .     Faith    .   a - +0 robe
rPois    .         Spirit   .   (no helmet)
rElec    .         Reflect  .   (no cloak)
rCorr    .         Harm     .   (no gloves)
MR       .....                  (no boots)
Stlth    ++........             (no amulet)
HPRegen  0.06/turn              (no ring)
MPRegen  0.09/turn              (no ring)

@: very slightly contaminated
A: demonic guardian 1
a: no special abilities


You were on level 1 of the Dungeon.
You were not hungry.

You visited 1 branch of the dungeon, and saw 1 of its levels.

You collected 17 gold pieces.

Inventory:

Armour
 a - a +0 robe (worn)
Potions
 b - a potion of berserk rage {unknown}
 d - 2 potions of curing {unknown}
Comestibles
 c - a ration
 f - a chunk of flesh


   Skills:
 - Level 1.7 Dodging
 - Level 1.7 Stealth
 + Level 2.1 Spellcasting
 + Level 1.6 Conjurations
 + Level 2.8 Fire Magic


You had 4 spell levels left.
You knew the following spells:

 Your Spells              Type           Power        Failure   Level  Hunger
h - Flame Tongue          Conj/Fire      #....        9%          1    #......

Your spell library contained the following spells:

 Spells                   Type           Power        Failure   Level  Hunger
 Throw Flame              Conj/Fire      #.....       12%         2    ###....
 Conjure Flame            Conj/Fire      #.......     24%         3    ###....
 Inner Flame              Hex/Fire       #.......     34%         3    ###....
 Sticky Flame             Conj/Fire      #.......     63%         4    #####..
 Fireball                 Conj/Fire      #.........   92%         5    ######.


Dungeon Overview and Level Annotations

Branches:
Dungeon (1/15)

Altars:


Innate Abilities, Weirdness & Mutations

A weak demonic guardian rushes to your aid.


Message History

You barely miss the kobold. The kobold closely misses you.
You hit the kobold but do no damage. The kobold hits you but does no damage.
You miss the kobold. The kobold hits you.
You closely miss the kobold. The kobold hits you.
You hit the kobold.
The kobold is heavily wounded.
The kobold barely misses you.
You closely miss the kobold. The kobold closely misses you.
You hit the kobold.
The kobold is heavily wounded.
The kobold misses you.
You hit the kobold but do no damage.
The kobold is heavily wounded.
The kobold completely misses you.
You closely miss the kobold.
The kobold is heavily wounded.
The kobold hits you.
You hit the kobold.
You kill the kobold!
Are you sure you want to abandon this character and quit the game? (Confirm

.. ..### #.. ....# ..
....### .$#.# ......#
..#..# ....# .### #.....
#. ....# ..# #...#.## ...
....####.###.#.#.@# #..#
..........##.#.##.###).#
....###%..##.#..$......#.
....# ###.....$#....#....
....# ##.#.#...........
....#### #.#..##..#######
........ #.......(.?..#
..##.## ....##.........#
##............##....%..(.


There were no monsters in sight!

Vanquished Creatures
  A dart slug (D:1)
  2 bats (D:1)
  A giant cockroach (D:1)
  A hobgoblin (D:1)
  A kobold (D:1)
6 creatures vanquished.

Notes
Turn   | Place    | Note
-------+----------+-------------------------------------------
     0 | D:1      | Duffy the Demonspawn Fire Elementalist began the quest for
                  | the Orb.
     0 | D:1      | Reached XP level 1. HP: 13/13 MP: 3/3
   257 | D:1      | Gained mutation: A weak demonic guardian rushes to your
                  | aid. [demonic ancestry]
   257 | D:1      | Reached XP level 2. HP: 19/19 MP: 1/5
   276 | D:1      | Quit the game

Vault maps used:
D:1:      lemuel_arrival_behind_the_door_large, grunt_decor_resistance

Action                   || total
-------------------------++-------
Melee: Unarmed           ||    13
 Cast: Flame Tongue      ||     9
Armor: Robe              ||     3
Dodge: Dodged            ||    13

Table legend:
 A = Non-vault XP
 B = Vault XP
 C = Vault XP percentage of total XP
 D = Non-vault monster count
 E = Vault monster count
 F = Vault count percentage of total count
                 A         B        C        D         E       F
            +---------+---------+-------+---------+---------+-------
      Total |      13 |       0 |   0.0 |       6 |       0 |   0.0
            +---------+---------+-------+---------+---------+-------
        D:1 |      13 |       0 |   0.0 |       6 |       0 |   0.0
            +---------+---------+-------+---------+---------+-------
